 Dungeon Crawl Stone Soup version 0.14-a0-3424-g5348755 (webtiles) character file.

211402 MrRokkomies the Spry (level 18, 0/149 HPs)
             Began as a Demonspawn Skald on Mar 19, 2014.
             Was the Champion of Okawaru.
             Killed from afar by Boris (65 damage)
             ... with an iron shot
             ... on Level 2 of the Vaults on Mar 22, 2014.
             The game lasted 04:38:32 (44473 turns).

MrRokkomies the Spry (Demonspawn Skald)            Turns: 44473, Time: 04:38:33

HP   0/149       AC 18     Str 18      XL: 18   Next: 14%
MP  26/26        EV 26     Int 21      God: Okawaru [******]
Gold 2540        SH 27     Dex 16      Spells:  8 memorised,  2 levels left

rFire  . . .     SeeInvis .     c - +8,+4 eveningstar (venom)
rCold  + . .     Clarity  .     y - +3 leather armour of Louqes {+Blink Int+1}
rNeg   + . .     Conserve .     a - +3 shield {reflect}
rPois  +         rCorr    .     g - +0 helmet
rElec  +         rRot     +     P - +1 cloak {+Inv}
SustAb . .       Spirit   .     K - +2 pair of gloves {Str+3}
rMut   .         Warding  +     (boots unavailable)
Saprov + . .     Stasis   .     X - amulet of warding
MR     ++...                    H - ring of Midwinter {rElec rC+ Dex+4}
                                N - ring of poison resistance

@: icy armour, repel missiles, regenerating (expiring), very slightly
contaminated, shrouded, very resistant to hostile enchantments, very unstealthy
A: hooves 3, repulsion field 3, foul stench 1, magic resistance 1, powered by
pain 3, saprovore 1
a: Heroism, Finesse, Renounce Religion, Evoke Blink, Evoke Invisibility
}: 1/15 runes: gossamer


You were on level 2 of the Vaults.
You worshipped Okawaru.
Okawaru was exalted by your worship.
You were hungry.

You visited 6 branches of the dungeon, and saw 36 of its levels.
You also visited: Labyrinth, Ice Cave and Volcano.

You collected 3755 gold pieces.
You spent 1215 gold pieces at shops.

Inventory:

Hand weapons
 c - a +8,+4 eveningstar of venom (weapon)
 j - a +2,+3 longbow of flame
Missiles
 B - 63 arrows
 J - 3 poisoned javelins (quivered)
 U - 14 poisoned arrows
Armour
 a - a +3 shield of reflection (worn)
 g - a +0 helmet (worn)
 y - the +3 leather armour of Louqes (worn) {+Blink Int+1}
   (You found it on level 1 of the Spider Nest)

   It affects your intelligence (+1).
   It lets you blink.
 K - a +2 pair of gloves of strength (worn)
 P - a +1 cloak of darkness (worn)
Magical devices
 e - a wand of invisibility (1)
 n - a wand of fireball (3)
 p - a wand of flame (11)
 u - a wand of frost (7)
 D - a wand of hasting (2)
 O - a wand of disintegration (10)
 Z - a wand of digging (3)
Comestibles
 d - 4 bread rations
 f - an apricot
 t - 2 chunks of human flesh
Scrolls
 b - 3 scrolls of enchant weapon II
 i - a scroll of blinking
 k - a scroll of silence
 v - 3 scrolls of remove curse
 x - a scroll of recharging
 z - 3 scrolls of fog
 A - 3 scrolls of teleportation
 R - a scroll of vulnerability
 V - 2 scrolls of fear
Jewellery
 h - an uncursed amulet of stasis
 o - an uncursed ring of sustain abilities
 H - the ring of Midwinter (right hand) {rElec rC+ Dex+4}
   (You bought it in a shop on level 3 of the Orcish Mines)

   [ring of dexterity]

   It affects your dexterity (+4).
   It protects you from cold.
   It insulates you from electricity.
 L - an uncursed ring of see invisible
 N - a ring of poison resistance (left hand)
 Q - the ring of the Will of the Gods {Fire Dex-1 Int+2}
   (You found it on level 13 of the Dungeon)

   [ring of fire]

   It affects your intelligence (+2).
   It affects your dexterity (-1).
 X - an amulet of warding (around neck)
Potions
 l - 3 potions of berserk rage
 m - 6 potions of curing
 q - 4 potions of might
 r - 2 potions of flight
 s - 4 potions of magic
 w - a potion of resistance
 C - 3 potions of haste
 I - 2 potions of restore abilities
 M - a potion of brilliance
 S - a potion of porridge
 Y - 2 potions of invisibility
Books
 F - a book of Wizardry

   Spells                             Type                      Level
   Summon Elemental                   Summoning                    4
   Agony                              Necromancy                   5
   Force Lance                        Conjuration                  5
   Haste                              Charms                       6
   Invisibility                       Hexes                        6
   Spellforged Servitor               Conjuration/Summoning        7
Miscellaneous
 T - a stone of tremors
Rods
 G - a +6 rod of destruction (12/12)
   (You found it in a labyrinth)


   Skills:
 - Level 15.0 Fighting
 * Level 15.6 Maces & Flails
 - Level 8.0 Armour
 * Level 16.6 Dodging
 - Level 10.0 Shields
 - Level 2.0 Spellcasting
 - Level 6.0 Charms
 - Level 4.0 Translocations
 - Level 5.4 Invocations


You had 2 spell levels left.
You knew the following spells:

 Your Spells              Type           Power        Failure   Level  Hunger
a - Infusion              Chrm           ####..       1%          1    #......
b - Shroud of Golubria    Chrm/Tloc      ###.......   4%          2    ##.....
c - Song of Slaying       Chrm           ####....     2%          2    ##.....
d - Regeneration          Chrm/Necr      ##........   21%         3    ###....
e - Ozocubu's Armour      Chrm/Ice       ##........   21%         3    ###....
f - Spectral Weapon       Hex/Chrm       ##......     21%         3    ###....
g - Blink                 Tloc           N/A          8%          2    ##.....
h - Flight                Chrm/Air       ##........   21%         3    ###....


Dungeon Overview and Level Annotations

Branches:
Dungeon (15/15)            Temple (0/1) D:5             Orc (4/4) D:11
    Elf (0/3) Orc:3          Lair (8/8) D:11         Shoals (2/5) Lair:5
 Spider (5/5) Lair:5        Slime (0/6) Lair:7       Vaults (2/5) D:13
 Depths (0/5) D:15
  Crypt: Vaults:2-3

Altars:
Dithmenos
Fedhas
Kikubaaqudgha
Makhleb
Okawaru
Trog
Vehumet

Shops:
D:8 %   Orc:2 }   Orc:3 =   Orc:4 ([*=   Shoals:2 (

Portals:
Trove: D:10 (give +6,+4 demon trident)

Annotations:
Lair:6 exclusion: oklob plant
Vaults:2 Boris


Innate Abilities, Weirdness & Mutations

You have hooves in place of feet.
You are surrounded by a strong repulsion field (EV +4, rMsl).
You emit a foul stench, and are resistant to rotting and decay.
You are powered by pain.
You can tolerate rotten meat.
You are resistant to hostile enchantments.


Message History

Space distorts slightly along a thin shroud covering your body.
Casting: Shroud of Golubria
Confirm with . or Enter, or press ? or * to list all spells.
You miscast Ozocubu's Armour.
You are very lightly contaminated with residual magic.
Casting: Ozocubu's Armour
Confirm with . or Enter, or press ? or * to list all spells.
A film of ice covers your body!
You are feeling hungry.
Casting: Ozocubu's Armour
Confirm with . or Enter, or press ? or * to list all spells.
Your skin crawls.
There is an open door here.
Your skin is crawling a little less now.
Boris conjures an orb of pure magic.
The wavering orb of destruction hits you!
You focus on the pain.
You feel your power returning. Boris gestures at you while chanting.
The iron shot hits you!
You die...

... ... ... ..
#####+##
########......# #..
...#......#
#'####.#......#
#..#%#.'......#
#..@L#.#......#
#'####.#......#
#...()(#......#
########......######
#......+.....
#......#.....
#......'.....
+......##..#+
#......##..#.


You could see Boris.

Vanquished Creatures
  A sphinx (D:13)
  Wiglaf (Spider:3)
  Maud (Shoals:1)
  3 ghost moths (Spider:5)
  6 emperor scorpions
  An orc warlord (Orc:4)
  3 stone giants
  2 ettins
  Snorg (Orc:1)
  2 fire dragons
  A minotaur (Lab)
  An ironheart preserver (Vaults:2)
  3 yaktaur captains
  A vault guard (D:13)
  Fannar (D:13)
  8 hydras
  A ravenous item mimic (Spider:5)
  Nessos (D:11)
  A ravenous feature mimic (Vaults:1)
  A tengu warrior (D:13)
  An ogre mage (D:11)
  3 orc high priests (Orc:4)
  7 centaur warriors
  Urug (Volcano)
  2 catoblepae
  2 deep elf knights (Vaults:1)
  13 skeletal warriors
  4 sea snakes (Shoals:1)
  12 orb spiders
  4 water nymphs
  An unseen horror (D:13)
  2 ice statues (IceCv)
  7 hill giants
  A deep elf conjurer (D:13)
  Pikel (D:6)
  8 statues (Volcano)
  4 wizards
  An ironbrand convoker (Vaults:1)
  7 orc knights
  3 orc sorcerers
  2 necromancers (D:13)
  2 moths of wrath (Spider:5)
  8 harpies
  8 griffons
  7 elephants (Lair:8)
  5 fauns (Shoals:1)
  7 red wasps
  2 black mambas (Lair:8)
  3 cyclopes
  A salamander (shapeshifter) (D:15)
  3 mermaids
  30 wolf spiders
  A mermaid (shapeshifter) (D:13)
  The ghost of 4tharraofdagon the Chopper, an experienced TrFi of the Shining One (D:5)
  3 vault sentinels (Vaults:1)
  4 manticores
  2 feature mimics
  2 item mimics
  9 spiny frogs
  A queen ant (Lair:8)
  A kobold demonologist (D:14)
  4 gargoyles
  2 efreet
  3 centaur zombies
  9 yaktaurs
  13 trolls
  18 demonic crawlers
  10 giant fireflies (Lair:8)
  3 centaur skeletons
  A fire drake (Lair:4)
  7 merfolk
  7 komodo dragons
  5 two-headed ogres
  A queen bee (Spider:3)
  6 boggarts
  A polar bear (Lair:8)
  A tengu conjurer (D:14)
  2 snapping turtles (Shoals:1)
  A deep elf priest (D:13)
  A freezing wraith (D:14)
  20 jumping spiders
  A spriggan druid (Lair:8)
  10 blink frogs
  15 slime creatures
  4 boulder beetles
  2 shadows
  3 grizzly bears (Lair:8)
  3 water elementals
  5 basilisks
  27 trapdoor spiders
  10 spriggans (Lair:8)
  21 tarantellas
  A hill giant zombie (D:13)
  43 redbacks
  A fire bat (Volcano)
  3 deep elf magi
  A vampire (D:13)
  8 hippogriffs
  Eustachio (D:6)
  An elephant slug (Lair:2)
  22 ugly things
  5 wraiths
  6 vampire mosquitoes
  4 deep elf fighters
  40 yaks
  A yaktaur simulacrum (Vaults:1)
  20 humans (D:13)
  4 sky beasts
  2 hungry ghosts
  21 wolves
  19 sharks
  9 wargs
  A naga (D:15)
  14 soldier ants
  9 water moccasins
  A necrophage (D:9)
  6 yellow wasps
  5 mottled dragons
  12 porcupines
  36 spiders
  2 slaves (D:6)
  2 phantoms
  6 black bears
  20 ice beasts
  3 boring beetles
  24 orc warriors
  15 ogres
  13 crocodiles
  9 giant goldfish
  11 centaurs
  5 big kobolds
  14 giant slugs
  A brain worm (D:11)
  Blork the orc (Orc:1)
  7 scorpions
  The ghost of 4tharraofdagon the Chopper, a weakling TrFi (D:4)
  A cyclops skeleton (D:14)
  13 giant frogs
  31 killer bees
  9 electric eels
  A hippogriff skeleton (D:10)
  7 wights
  8 crimson imps
  4 quasits
  6 goliath beetles
  A basilisk zombie (D:13)
  An iron imp (D:6)
  3 jellies
  A human zombie (D:13)
  A yellow wasp zombie (D:9)
  Crazy Yiuf (D:6)
  23 orc priests
  18 hounds
  30 orc wizards
  A kobold zombie (D:10)
  A basilisk skeleton (D:11)
  16 big fish
  A giant frog skeleton (D:5)
  Natasha (thrice) (D:5)
  6 iguanas
  48 worker ants
  19 sheep
  A killer bee zombie (D:12)
  A big kobold skeleton (D:7)
  3 human simulacra
  2 ogre zombies (D:5)
  A mottled dragon skeleton (D:13)
  2 hound skeletons
  23 adders
  2 gnolls
  32 green rats
  4 shadow imps
  A giant mite (Spider:3)
  An ufetubus (D:6)
  6 worms
  An adder skeleton (D:7)
  An adder zombie (D:6)
  An iguana skeleton (D:4)
  3 giant eyeballs
  An ooze (D:4)
  163 orcs
  33 bats
  A bat skeleton (D:6)
  7 giant cockroaches
  28 goblins
  23 hobgoblins
  53 jackals
  21 quokkas
  A ball python (D:1)
  11 giant geckos
  A giant gecko skeleton (D:5)
  6 giant newts
  2 giant spores
  25 kobolds
  4 orc skeletons
  2 orc zombies
  26 rats
  A rat skeleton (D:8)
  4 ballistomycetes
  A fungus (D:6)
  2 plants (Lair:4)
1627 creatures vanquished.

Vanquished Creatures (others)
  19 spectral weapons
  An unseen horror (Vaults:1)
  The ghost of 4tharraofdagon the Chopper, an experienced TrFi of Makhleb (D:8)
  A statue (Volcano)
  A cyclops (D:11)
  A boggart (D:15)
  A grizzly bear (Lair:8)
  An elephant slug (Lair:8)
  A hippogriff (Lair:8)
  A slave (D:6)
  A giant frog (D:6)
  2 killer bees
  A quasit (D:14)
  A jelly (D:13)
  An orc wizard (D:3)
  A worker ant (D:11)
  A shadow imp (D:15)
  2 ufetubi (Orc:4)
  2 orcs
  A hobgoblin (D:6)
  2 giant spores
  5 ballistomycetes
  A fungus (Lair:4)
  A plant (Lair:5)
  12 toadstools (Lair:6)
62 creatures vanquished.

Grand Total: 1689 creatures vanquished

Notes
Turn   | Place    | Note
--------------------------------------------------------------
     0 | D:1      | MrRokkomies, the Demonspawn Skald, began the quest for the Orb.
     0 | D:1      | Reached XP level 1. HP: 16/16 MP: 3/3
    42 | D:1      | Reached skill level 3 in Charms
    48 | D:1      | Reached skill level 1 in Dodging
    52 | D:1      | Gained mutation: You are surrounded by a mild repulsion field (EV +2). [demonic ancestry]
    52 | D:1      | Reached XP level 2. HP: 12/22 MP: 0/4
   728 | D:1      | Learned a level 2 spell: Shroud of Golubria
   731 | D:1      | Learned a level 2 spell: Song of Slaying
  1005 | D:1      | Found an iron altar of Okawaru.
  1014 | D:1      | Became a worshipper of Warmaster Okawaru
  1157 | D:1      | Gained mutation: You are surrounded by a moderate repulsion field (EV +3). [demonic ancestry]
  1157 | D:1      | Reached XP level 3. HP: 27/27 MP: 6/6
  2183 | D:2      | Gained mutation: You are surrounded by a strong repulsion field (EV +4, rMsl). [demonic ancestry]
  2183 | D:2      | Reached XP level 4. HP: 30/33 MP: 1/7
  2276 | D:2      | Found a shadowy altar of Dithmenos.
  3111 | D:3      | Gained mutation: You have large cloven feet. [demonic ancestry]
  3111 | D:3      | Reached XP level 5. HP: 29/38 MP: 2/9
  3131 | D:3      | Reached skill level 4 in Dodging
  3410 | D:3      | Learned a level 3 spell: Regeneration
  3791 | D:3      | Reached XP level 6. HP: 38/44 MP: 5/10
  4349 | D:3      | Noticed a moth of wrath
  4351 | D:3      | Found a bloodstained altar of Trog.
  4725 | D:4      | Noticed 4tharraofdagon's ghost (weakling TrFi)
  4796 | D:5      | Entered Level 5 of the Dungeon
  5011 | D:5      | Reached skill level 5 in Dodging
  5080 | D:5      | Acquired Okawaru's first power
  5096 | D:5      | Noticed Natasha
  5105 | D:5      | Killed Natasha
  5105 | D:5      | Gained mutation: You can tolerate rotten meat. [demonic ancestry]
  5105 | D:5      | Reached XP level 7. HP: 46/50 MP: 0/12
  5212 | D:5      | Found an ancient bone altar of Kikubaaqudgha.
  5312 | D:5      | Paralysed by a giant eyeball for 3 turns
  5318 | D:5      | Paralysed by a giant eyeball for 4 turns
  5347 | D:5      | Reached skill level 6 in Dodging
  5423 | D:5      | Noticed Natasha
  5430 | D:5      | Killed Natasha
  5451 | D:5      | Noticed Natasha
  5458 | D:5      | Killed Natasha
  5508 | D:5      | Found a staircase to the Ecumenical Temple.
  5775 | D:5      | Reached skill level 5 in Maces & Flails
  5938 | D:5      | Noticed 4tharraofdagon's ghost (experienced TrFi)
  5963 | D:6      | Noticed Eustachio
  5967 | D:6      | Noticed a centaur skeleton
  5989 | D:6      | Killed a centaur skeleton
  5989 | D:6      | Reached skill level 7 in Dodging
  5989 | D:6      | Gained mutation: You sometimes gain a little power by taking damage. [demonic ancestry]
  5989 | D:6      | Reached XP level 8. HP: 43/56 MP: 5/13
  6056 | D:6      | Killed Eustachio
  6528 | D:6      | Noticed Pikel
  6553 | D:6      | Killed Pikel
  6553 | D:6      | Reached skill level 8 in Dodging
  6919 | D:6      | Noticed Crazy Yiuf
  6940 | D:6      | Killed Crazy Yiuf
  6940 | D:6      | Gained mutation: You have hoof-like feet. [demonic ancestry]
  6940 | D:6      | Reached XP level 9. HP: 51/61 MP: 14/14
  7175 | D:7      | Reached skill level 1 in Shields
  8477 | D:8      | Noticed 4tharraofdagon's ghost (experienced TrFi)
  8493 | D:8      | Killed 4tharraofdagon's ghost
  8721 | D:8      | Learned a level 3 spell: Ozocubu's Armour
  8744 | D:8      | Noticed a gargoyle
  8779 | D:9      | Reached skill level 5 in Shields
  8992 | D:9      | Reached XP level 10. HP: 57/67 MP: 12/16
  9001 | D:9      | Acquired Okawaru's second power
  9592 | D:9      | Reached skill level 9 in Maces & Flails
  9621 | D:10     | Entered Level 10 of the Dungeon
  9777 | D:10     | Received a gift from Okawaru
  9778 | D:10     | Got a bloodstained dire flail {god gift}
  9782 | D:10     | Identified the +7,+6 dire flail of the Tiger {elec, rF+} (Okawaru gifted it to you on level 10 of the Dungeon)
  9898 | D:10     | Found a portal to a secret trove of treasure.
 10129 | D:10     | Noticed a hill giant
 10147 | D:10     | Killed a hill giant
 10621 | D:11     | Found a staircase to the Orcish Mines.
 10669 | D:11     | Reached skill level 10 in Maces & Flails
 10802 | D:11     | Noticed Nessos
 10825 | D:11     | Reached skill level 5 in Charms
 10835 | D:11     | Killed Nessos
 10990 | D:11     | Reached XP level 11. HP: 60/72 MP: 17/17
 11130 | D:11     | Reached skill level 11 in Maces & Flails
 11139 | D:11     | Noticed an ogre mage
 11143 | D:11     | Noticed a cyclops
 11143 | D:11     | Found a radiant altar of Vehumet.
 11205 | D:11     | Upgraded the game from 0.14-a0-3367-g7c2a7eb to 0.14-a0-3376-gf173aa4
 11411 | D:11     | Learned a level 3 spell: Spectral Weapon
 11701 | D:11     | Killed an ogre mage
 11727 | D:11     | Identified a scroll of acquirement
 11765 | D:11     | Killed a cyclops
 11767 | D:11     | Received a gift from Okawaru
 11768 | D:11     | Got a pitted dire flail {god gift}
 11774 | D:11     | Identified the +9,+2 dire flail of the Ancients {crush, Hunger rN+ Dex+1 Stlth--} (Okawaru gifted it to you on level 11 of the Dungeon)
 11782 | D:11     | Noticed a cyclops
 11790 | D:11     | Killed a cyclops
 11848 | D:11     | Noticed a cyclops
 11850 | D:11     | Noticed a skeletal warrior
 11850 | D:11     | Noticed a skeletal warrior
 11851 | D:11     | Noticed a skeletal warrior
 11863 | D:11     | Killed a skeletal warrior
 11863 | D:11     | Reached skill level 12 in Maces & Flails
 11864 | D:11     | Killed a cyclops
 11884 | D:11     | Noticed a skeletal warrior
 11897 | D:11     | Killed a skeletal warrior
 11902 | D:11     | Killed a skeletal warrior
 11911 | D:11     | Killed a skeletal warrior
 12256 | D:11     | Found a staircase to the Lair.
 12261 | Lair:1   | Entered Level 1 of the Lair of Beasts
 12287 | Lair:1   | Received a gift from Okawaru
 12756 | Lair:1   | Reached skill level 10 in Dodging
 12815 | Lair:1   | Gained mutation: You sometimes gain power by taking damage. [demonic ancestry]
 12815 | Lair:1   | Reached XP level 12. HP: 78/78 MP: 18/18
 13836 | D:8      | Found Shruwn's Food Shop.
 13947 | D:8      | Paralysed by a giant eyeball for 4 turns
 13964 | D:8      | Reached skill level 13 in Maces & Flails
 14240 | D:8      | Killed a gargoyle
 14248 | D:8      | Found a burning altar of Makhleb.
 14494 | D:5      | Killed 4tharraofdagon's ghost
 15329 | D:4      | Killed 4tharraofdagon's ghost
 16013 | Lair:2   | Reached skill level 5 in Fighting
 16490 | Lair:3   | Found a labyrinth entrance.
 16499 | Lab      | Entered a labyrinth
 16614 | Lab      | Noticed a minotaur
 16622 | Lab      | Killed a minotaur
 16629 | Lab      | Got a warped cutlass
 16631 | Lab      | Identified a +5 rod of destruction (11/11) (You found it in a labyrinth)
 16633 | Lab      | Identified the cursed +0,+0 cutlass "Nouczyrgh" {flame, rPois rF+ rN+ MR+ SInv} (You found it in a labyrinth)
 16823 | Lair:3   | Received a gift from Okawaru
 18137 | Lair:4   | Found a dark tunnel.
 18143 | Volcano  | Entered a volcano
 18355 | Volcano  | Reached skill level 14 in Maces & Flails
 18495 | Volcano  | Gained mutation: You are powered by pain. [demonic ancestry]
 18495 | Volcano  | Reached XP level 13. HP: 65/97 MP: 10/19
 18612 | Volcano  | Noticed Urug
 18621 | Volcano  | Killed Urug
 18806 | Volcano  | Found a white marble altar of Elyvilon.
 19826 | Lair:5   | Found a hole to the Spider Nest.
 20203 | Lair:5   | Received a gift from Okawaru
 20285 | Lair:5   | Found a staircase to the Shoals.
 20741 | Lair:5   | Reached skill level 10 in Fighting
 20775 | Lair:6   | Reached skill level 15 in Maces & Flails
 21312 | Lair:6   | Learned a level 2 spell: Blink
 21733 | Lair:6   | Found a blossoming altar of Fedhas.
 22385 | Lair:7   | Found a staircase to the Slime Pits.
 23096 | Lair:8   | Entered Level 8 of the Lair of Beasts
 23107 | Lair:7   | Reached skill level 1 in Invocations
 23250 | Lair:8   | Reached XP level 14. HP: 94/113 MP: 17/20
 23406 | Lair:8   | Received a gift from Okawaru
 23458 | Lair:8   | Got a smoking chain mail {god gift}
 23484 | Lair:8   | Identified the -3 chain mail of Skuesedin {+Blink rN+ MR++ Int+3 Stlth} (Okawaru gifted it to you on level 8 of the Lair of Beasts)
 24266 | Lair:8   | Reached skill level 5 in Invocations
 24537 | Lair:8   | Received a gift from Okawaru
 24538 | Lair:8   | Got an ancient plate armour {god gift}
 24539 | Lair:8   | Identified the +9 plate armour of Curiosity {Str+3 Dex+2 Acc+5} (Okawaru gifted it to you on level 8 of the Lair of Beasts)
 25124 | D:12     | Reached skill level 10 in Shields
 25153 | D:12     | Reached skill level 1 in Armour
 25525 | D:12     | Reached skill level 1 in Translocations
 26361 | D:13     | Reached skill level 5 in Armour
 26470 | D:13     | Received a gift from Okawaru
 26516 | D:13     | Found a gate to the Vaults.
 26684 | D:13     | Gained mutation: You have hooves in place of feet. [demonic ancestry]
 26684 | D:13     | Reached XP level 15. HP: 65/118 MP: 23/23
 26825 | D:13     | Noticed Fannar
 26854 | D:13     | Killed Fannar
 27382 | D:13     | Noticed a sphinx
 27400 | D:13     | Killed a sphinx
 27400 | D:13     | Received a gift from Okawaru
 27585 | D:13     | Got a slimy jade ring
 27597 | D:13     | Got a brightly glowing ivory ring
 27599 | D:13     | Identified the ring of the Will of the Gods {Fire Dex-1 Int+2} (You found it on level 13 of the Dungeon)
 27600 | D:13     | Identified the ring of Ghubb {+/*Tele Dex+1 Int-3} (You found it on level 13 of the Dungeon)
 27856 | Orc:1    | Entered Level 1 of the Orcish Mines
 28017 | Orc:1    | Noticed Blork the orc
 28036 | Orc:1    | Killed Blork the orc
 28125 | Orc:1    | Upgraded the game from 0.14-a0-3376-gf173aa4 to 0.14-a0-3405-g7f0333e
 28287 | Orc:2    | Noticed Snorg
 28325 | Orc:1    | Killed Snorg
 28628 | Orc:2    | Found Icoquaro's Gadget Boutique.
 29048 | Orc:3    | Found a staircase to the Elven Halls.
 29352 | Orc:3    | Found Prent's Jewellery Boutique.
 29364 | Orc:3    | Bought an uncursed amulet of inaccuracy for 30 gold pieces
 29608 | Orc:4    | Entered Level 4 of the Orcish Mines
 29630 | Orc:4    | Received a gift from Okawaru
 29972 | Orc:4    | Found Chaaj's Jewellery Emporium.
 30021 | Orc:4    | Found Naocva's General Store.
 30030 | Orc:4    | Bought a scroll of identify for 24 gold pieces
 30030 | Orc:4    | Bought a scroll of enchant armour for 90 gold pieces
 30030 | Orc:4    | Bought a potion of heal wounds for 36 gold pieces
 30315 | Orc:4    | Found Pohin's Antique Armour Boutique.
 30389 | Orc:4    | Bought a dazzling ring mail for 315 gold pieces
 30390 | Orc:4    | Identified the cursed -3 ring mail "Lereu" {Dex-5} (You bought it in a shop on level 4 of the Orcish Mines)
 30607 | Orc:4    | Found Cryugirch's Antique Weapon Emporium.
 30629 | Orc:4    | Received a gift from Okawaru
 30630 | Orc:4    | Got a smoking crossbow {god gift}
 30648 | Orc:4    | Identified the +8,+0 crossbow of Fremyq {frost, +Fly rPois rF- Dex-3} (Okawaru gifted it to you on level 4 of the Orcish Mines)
 30986 | Orc:3    | Bought the ring of Midwinter {rElec rC+ Dex+4} for 720 gold pieces
 31240 | Spider:1 | Entered Level 1 of the Spider Nest
 31779 | Spider:1 | Got a warped leather armour
 31788 | Spider:1 | Identified the +3 leather armour of Louqes {+Blink Int+1} (You found it on level 1 of the Spider Nest)
 32387 | Spider:2 | Received a gift from Okawaru
 32854 | Spider:2 | Reached XP level 16. HP: 37/127 MP: 13/24
 33209 | Spider:3 | Noticed Wiglaf
 33235 | Spider:3 | Killed Wiglaf
 34297 | Spider:4 | Received a gift from Okawaru
 34298 | Spider:4 | Got an ichor-stained cloak {god gift}
 34302 | Spider:4 | Identified the -3 cloak "Vikkavy" {Str+1 Dex-3} (Okawaru gifted it to you on level 4 of the Spider Nest)
 35388 | Spider:5 | Entered Level 5 of the Spider Nest
 36212 | Spider:5 | Received a gift from Okawaru
 36213 | Spider:5 | Got a shimmering falchion {god gift}
 36641 | Spider:5 | Got a distressingly furry buckler
 36642 | Spider:5 | Identified the cursed -7 buckler of the Gate {Str-5 Int+4} (You found it on level 5 of the Spider Nest)
 36758 | Spider:5 | HP: 6/132 [emperor scorpion (5)]
 37263 | Spider:5 | Reached XP level 17. HP: 107/138 MP: 4/25
 37430 | Spider:5 | Got a gossamer rune of Zot
 37974 | D:14     | Found a frozen archway.
 37992 | D:14     | Received a gift from Okawaru
 37993 | D:14     | Got a warped flail {god gift}
 38027 | D:14     | Identified the +0,-3 flail of the Unspeakable One {speed, *Tele +Inv} (Okawaru gifted it to you on level 14 of the Dungeon)
 38030 | IceCv    | Entered an ice cave
 38104 | IceCv    | Identified a +4 rod of destruction (9/9) (You found it in an ice cave)
 38541 | D:14     | Reached skill level 15 in Dodging
 39514 | D:15     | Entered Level 15 of the Dungeon
 39905 | D:15     | Found a staircase to the Depths.
 40332 | Lair:1   | Gained mutation: You are resistant to hostile enchantments. [potion of beneficial mutation]
 40439 | Lair:1   | Upgraded the game from 0.14-a0-3405-g7f0333e to 0.14-a0-3424-g5348755
 40599 | Shoals:1 | Entered Level 1 of the Shoals
 40822 | Shoals:1 | Noticed Maud
 40847 | Shoals:1 | Killed Maud
 41180 | Shoals:1 | Learned a level 3 spell: Flight
 41736 | Shoals:2 | Reached skill level 15 in Fighting
 41765 | Shoals:2 | Found Pna Ghont's Weapon Shop.
 41928 | Shoals:2 | Reached skill level 16 in Dodging
 42015 | Shoals:2 | HP: 2/142 [water nymph/the raging water (18)]
 42316 | Shoals:2 | Received a gift from Okawaru
 42608 | Vaults:1 | Entered Level 1 of the Vaults
 44000 | Vaults:2 | Gained mutation: You emit a foul stench, and are resistant to rotting and decay. [demonic ancestry]
 44000 | Vaults:2 | Reached XP level 18. HP: 112/149 MP: 18/26
 44401 | Vaults:2 | Noticed Boris
 44473 | Vaults:2 | Killed from afar by Boris

Action                   |  1- 3 |  4- 6 |  7- 9 | 10-12 | 13-15 | 16-18 || total
-------------------------+-------+-------+-------+-------+-------+-------++-------
Melee: Mace              |   159 |   305 |    19 |       |       |       ||   483
       Flail             |       |     4 |   211 |       |       |       ||   215
       Whip              |       |       |   361 |   137 |       |       ||   498
       Cutlass           |       |       |    44 |    29 |       |       ||    73
       Dire flail        |       |       |       |   694 |       |       ||   694
       Eveningstar       |       |       |       |   203 |  2280 |  1712 ||  4195
 Fire: Bow               |       |       |    15 |     4 |       |       ||    19
       Blowgun           |       |       |       |     7 |       |       ||     7
       Longbow           |       |       |       |     3 |    12 |       ||    15
Throw: Tomahawk          |       |       |    11 |     5 |     4 |       ||    20
       Javelin           |       |       |       |       |     5 |    17 ||    22
 Cast: Infusion          |     7 |    12 |    14 |    13 |     4 |     1 ||    51
       Shroud of Golubri |     3 |     9 |    18 |    23 |    42 |    39 ||   134
       Song of Slaying   |     1 |     2 |     3 |     3 |     7 |       ||    16
       Regeneration      |       |       |       |     9 |    32 |    49 ||    90
       Spectral Weapon   |       |       |       |     5 |    19 |    24 ||    48
       Ozocubu's Armour  |       |       |       |     2 |    10 |    26 ||    38
       Blink             |       |       |       |       |     2 |     1 ||     3
       Flight            |       |       |       |       |       |     3 ||     3
Invok: Heroism           |       |       |       |       |     1 |     1 ||     2
       Finesse           |       |       |       |       |       |     7 ||     7
Evoke: Wand              |       |       |    11 |     7 |    14 |    16 ||    48
       Rod               |       |       |       |       |     4 |     2 ||     6
       Sack of spiders   |       |       |       |       |     1 |       ||     1
  Use: Scroll            |     4 |     8 |     8 |    21 |    16 |    18 ||    75
       Potion            |       |     1 |     1 |     7 |     6 |     9 ||    24
 Stab: Distracted        |       |       |       |       |     3 |     3 ||     6
       Petrifying        |       |       |       |       |     1 |       ||     1
